AoeStats
← |||||||||||||||||||||||||

Arena

504805973Analyzed
4v4 RM · 26d ago on Sep 6, 2026· 47m 26s· 8 players
Game mode
Random Map
Map size
Large (8 player)
Population
200
Speed
Normal
Resources
Standard
Victory
Conquest
Starting age
Dark Age
Ending age
Imperial Age
RankedLock teamsTeams togetherTeam positionsShared explorationLock speedFull tech treeHidden civsTurbo modeCheats
Victory
Defeat
🇺🇸 Persians · United States
1543
+12
🇨🇳 Romans · China
1541
+12
1494
+14
🇨🇳 Spanish · China
1459
+16
🇨🇳 Magyars · China
1482
-14
🇨🇳 Burgundians · China
1465
-14
🇨🇳 Koreans · China
1437
-13
Deadbeat Dan
10:27 Feudal Age
14:21 Castle Age
12:32 Horse Collar
13:16 Double-Bit Axe
15:02 Heavy Plow
18:48 Bow Saw
20:41 Wheelbarrow
20:56 Scale Barding Armor
21:18 Forging
22:17 Loom
23:30 Light Cavalry
24:33 Husbandry
24:44 Bloodlines
30:03 Imperial Age
27:23 Town Watch
27:38 Gold Mining
28:31 Iron Casting
28:17 Chain Barding Armor
28:24 Stone Mining
29:11 Gold Shaft Mining
29:00 Hand Cart
30:56 Plate Barding Armor
29:44 Heavy Camel Rider
31:25 Blast Furnace
30:19 Hussar
33:13 Crop Rotation
33:36 Conscription
33:23 Elite War Elephant
34:18 Guilds
36:50 Fletching
38:29 Devotion
40:51 Two-Man Saw
40:03 Bodkin Arrow
40:21 Masonry
40:33 Ballistics
42:10 Architecture
45:06 Hoardings
44:34 Murder Holes
45:47 Chemistry
46:13 Citadels
|||||||||||||||||||||||||
10:28 Feudal Age
15:12 Castle Age
13:49 Double-Bit Axe
13:53 Horse Collar
16:12 Bow Saw
16:05 Town Watch
17:11 Heavy Plow
21:26 Wheelbarrow
22:15 Stone Mining
22:24 Gold Mining
25:29 Gold Shaft Mining
25:32 Hand Cart
25:28 Fletching
25:35 Loom
28:32 Imperial Age
26:25 Crossbowman
27:01 Bodkin Arrow
27:29 Ballistics
27:28 Padded Archer Armor
27:52 Pikeman
28:32 Squires
28:34 Scale Mail Armor
28:49 Leather Archer Armor
29:15 Bracer
30:19 Chemistry
29:40 Conscription
28:55 Arbalester
29:05 Capped Ram
31:08 Halberdier
32:45 Yeomen
32:54 Chain Mail Armor
32:51 Forging
32:56 Leather Archer Armor
34:10 Elite Skirmisher
35:39 Masonry
35:28 Murder Holes
36:43 Two-Man Saw
37:03 Ring Archer Armor
39:52 Plate Mail Armor
39:58 Iron Casting
44:32 Blast Furnace
44:26 Hoardings
43:44 Arson
43:45 Gambesons
46:06 Architecture
Hyacine
11:07 Feudal Age
12:06 Double-Bit Axe
14:57 Castle Age
13:04 Horse Collar
16:31 Gold Mining
20:52 Stone Mining
25:11 Padded Archer Armor
28:38 Wheelbarrow
27:50 Loom
28:28 Husbandry
30:50 Leather Archer Armor
30:50 Bloodlines
35:46 Stone Shaft Mining
43:47 Hand Cart
50:29 Imperial Age
i no hotkey
10:16 Feudal Age
8:37 Loom
14:14 Castle Age
12:27 Gold Mining
12:35 Double-Bit Axe
24:49 Bow Saw
32:35 Horse Collar
33:53 Heavy Plow
34:40 Wheelbarrow
36:00 Hand Cart
36:22 Town Watch
41:49 Imperial Age
39:55 Ballistics
41:58 Heavy Scorpion
41:59 Capped Ram
43:50 Chemistry
44:06 Siege Engineers
46:46 Siege Ram
夫国之有民,犹水之有舟,停则以安,扰则以危
11:06 Feudal Age
11:52 Double-Bit Axe
14:41 Castle Age
12:33 Horse Collar
15:27 Bow Saw
15:30 Heavy Plow
16:14 Wheelbarrow
25:02 Hand Cart
25:11 Gold Mining
25:12 Stone Mining
25:28 Stone Mining
26:08 Heavy Plow
29:56 Imperial Age
27:18 Loom
27:18 Town Watch
28:13 Scale Barding Armor
28:18 Forging
28:48 Gold Shaft Mining
28:48 Stone Shaft Mining
29:31 Chain Barding Armor
30:36 Iron Casting
31:23 Plate Barding Armor
31:13 Bloodlines
31:04 Husbandry
31:42 Iron Casting
30:32 Light Cavalry
32:32 Two-Man Saw
32:02 Crop Rotation
33:30 Blast Furnace
36:20 Elite War Elephant
38:17 Conscription
37:21 Hussar
38:42 Fletching
39:18 Pikeman
39:58 Squires
39:43 Arson
39:59 Scale Mail Armor
39:47 Halberdier
41:07 Chain Mail Armor
42:32 Plate Mail Armor
44:50 Caravan
45:51 Guilds
杯杯
11:17 Feudal Age
15:36 Castle Age
14:29 Double-Bit Axe
16:44 Horse Collar
18:00 Wheelbarrow
18:37 Gold Mining
24:59 Loom
26:04 Loom
35:44 Heavy Plow
38:12 Bow Saw
40:58 Hand Cart
46:57 Imperial Age
44:46 Crossbowman
45:31 Thumb Ring
45:27 Fletching
46:30 Ballistics
46:55 Thumb Ring
47:20 Bodkin Arrow
47:01 Arbalester
47:47 Thumb Ring
穿山甲
10:57 Feudal Age
14:46 Castle Age
13:17 Double-Bit Axe
13:44 Horse Collar
17:01 Bow Saw
24:21 Wheelbarrow
24:12 Heavy Plow
25:16 Gold Mining
28:43 Imperial Age
27:06 Fletching
27:17 Padded Archer Armor
27:29 Bloodlines
27:20 Husbandry
27:35 Stone Mining
28:28 Hand Cart
28:10 Bodkin Arrow
28:58 Ballistics
29:12 Leather Archer Armor
29:44 Thumb Ring
29:45 Bracer
30:47 Chemistry
30:15 Parthian Tactics
30:15 Heavy Cavalry Archer
31:34 Recurve Bow
33:22 Ring Archer Armor
33:46 Scale Barding Armor
35:22 Chain Barding Armor
34:29 Light Cavalry
38:45 Plate Barding Armor
38:53 Hussar
44:35 Loom
44:35 Town Watch
45:51 Two-Man Saw
45:23 Crop Rotation
44:32 Capped Ram
cookie tin
3:05 Double-Bit Axe
11:10 Feudal Age
11:12 Feudal Age
9:30 Horse Collar
15:26 Castle Age
14:26 Bow Saw
16:19 Wheelbarrow
15:46 Heavy Plow
16:07 Husbandry
17:20 Light Cavalry
22:30 Hand Cart
22:01 Town Watch
22:02 Loom
24:14 Cavalier
25:01 Fletching
26:55 Gold Mining
27:31 Stone Mining
29:05 Gold Shaft Mining
28:52 Ballistics
29:08 Bodkin Arrow
29:52 Scale Barding Armor
31:49 Fortified Wall
33:17 Chain Barding Armor
33:16 Masonry
36:20 Imperial Age
33:50 Treadmill Crane
34:38 Forging
36:00 Iron Casting
37:48 Two-Man Saw
37:24 Conscription
37:47 Plate Barding Armor
38:12 Town Patrol
39:36 Chemistry
39:13 Crop Rotation
39:53 Blast Furnace
40:15 Burgundian Vineyards
40:48 Murder Holes
41:34 Padded Archer Armor
42:10 Guilds
42:01 Bracer
43:34 Stone Shaft Mining
43:32 Architecture
46:36 Hoardings
46:26 Leather Archer Armor
Connection lost

Rejoining the realm…

Still unreachable

The connection could not be restored.

Session expired

The server has moved on; the page needs a fresh start.